 Dungeon Crawl Stone Soup version 0.19.1-1-g22dce08 (webtiles) character file.

72 esteth the Sneak (level 4, -2/21 HPs)
             Began as a Spriggan Enchanter on Jan 2, 2017.
             Slain by an adder (4 damage)
             ... on level 2 of the Dungeon.
             The game lasted 00:06:30 (2126 turns).

esteth the Sneak (Spriggan Enchanter)               Turns: 2126, Time: 00:06:31

Health: -2/21      AC:  3    Str:  2 (4)  XL:     4   Next: 7%
Magic:  7/9        EV: 18    Int: 15 (17) God:
Gold:   105        SH:  0    Dex: 13 (16) Spells: 2 memorised, 5 levels left

rFire  . . .     SeeInvis +     a - +1 dagger
rCold  . . .     Gourm    .     b - +1 robe
rNeg   . . .     Faith    .     (shield restricted)
rPois  .         Spirit   .     (helmet restricted)
rElec  .         Reflect  .     (no cloak)
rCorr  .         Harm     .     (gloves unavailable)
MR     .....                    (boots unavailable)
Stlth  +++.......               (no amulet)
                                (no ring)
                                (no ring)

@: lethally poisoned (-2 -> -7), invisible, very quick
A: unfitting armour, see invisible, herbivore 3, speed 3, slow metabolism 2
a: no special abilities


You were on level 2 of the Dungeon.
You were not hungry.

You visited 1 branch of the dungeon, and saw 2 of its levels.

You collected 105 gold pieces.

Inventory:

Hand Weapons
 a - a +1 dagger (weapon)
Armour
 b - a +1 robe (worn)
Jewellery
 f - an uncursed ring of ice
Scrolls
 h - a scroll of identify {unknown}
 i - a scroll of enchant weapon {unknown}
 j - a scroll of random uselessness {unknown}
 l - a scroll of remove curse {unknown}
 m - a scroll of teleportation {unknown}
Potions
 e - 2 potions of invisibility
 k - a potion of flight {unknown}
 n - 2 potions of curing {unknown}
 o - a potion of heal wounds {unknown}
Books
 c - a book of Maledictions

   Spells                             Type                      Level
   a - Corona                         Hexes                        1
   b - Ensorcelled Hibernation        Hexes/Ice                    2
   c - Confuse                        Hexes                        3
   d - Tukima's Dance                 Hexes                        3
   e - Dazzling Spray                 Conjuration/Hexes            3
Comestibles
 d - 3 bread rations


   Skills:
 - Level 2.4 Short Blades
 - Level 3.0 Dodging
 + Level 5.5 Stealth
 - Level 2.6 Spellcasting
 + Level 4.7 Hexes


You had 5 spell levels left.
You knew the following spells:

 Your Spells              Type           Power        Failure   Level  Hunger
a - Corona                Hex            ###....      3%          1    #......
b - Ensorcelled Hibernat  Hex/Ice        #.....       12%         2    ##.....


Dungeon Overview and Level Annotations

Branches:
Dungeon (2/15)

Altars:


Innate Abilities, Weirdness & Mutations

You are very small and have problems with some larger weapons.
You are too small for most types of armour.
You have supernaturally acute eyesight. (SInv)
You are a herbivore.
You cover ground extremely quickly.
You need consume almost no food.


Message History

The adder barely misses you.
You hit the adder but do no damage.
The adder is almost dead.
The adder barely misses you. The adder completely misses you.
You miss the adder.
The adder is almost dead.
The adder bites you.
* * * LOW HITPOINT WARNING * * *
You are lethally poisoned!
The adder poisons you!
It was a potion of degeneration.
There was something very wrong with that liquid.
You feel weakened.
You feel dopey.
You feel clumsy.
* * * LOW HITPOINT WARNING * * *
You feel sick. The adder misses you.
It was a potion of invisibility.
You fade into invisibility!
* * * LOW HITPOINT WARNING * * *
You feel sick. The adder bites you.
You die...

..######...# #....## ###.
.h.....##.######..### ##
.#####..#........## .
##.†.........#### $
####...........# .
#.#.##.####.## #
####......## #..####
#.....#...S####.<..########
#.....#.##@.# ####..>.)...#
#.....#.###.# ########..
#..%..#.# #.### ###
#######.###(†.### #
........##.(.# #
........####)# # ........#
#.## # ........####..#
...........†#..#


You could see an adder.

Vanquished Creatures
  2 adders (D:2)
  2 dart slugs
  2 leopard geckos (D:1)
  3 giant cockroaches
  4 goblins (D:1)
  7 hobgoblins
  6 jackals
  7 kobolds
  A quokka (D:2)
  4 bats
  3 frilled lizards
  3 rats (D:1)
44 creatures vanquished.

Notes
Turn   | Place    | Note
-------+----------+-------------------------------------------
     0 | D:1      | esteth the Spriggan Enchanter began the quest for the Orb.
     0 | D:1      | Reached XP level 1. HP: 9/9 MP: 5/5
   372 | D:1      | Reached XP level 2. HP: 12/13 MP: 6/6
   405 | D:1      | Learned a level 2 spell: Ensorcelled Hibernation
  1034 | D:1      | Reached XP level 3. HP: 11/16 MP: 4/8
  1747 | D:2      | Reached skill level 5 in Stealth
  2012 | D:2      | Reached XP level 4. HP: 19/21 MP: 1/9
  2126 | D:2      | Slain by an adder

Skill      XL: |  1  2  3 |
---------------+----------+-----
Short Blades   | 2 |  2.4
Hexes          | 4 |  4.7
Stealth        | 5 |  5.5
Dodging        | |  3.0
Spellcasting   | |  2.6

Action                   |  1- 3 |  4- 6 || total
-------------------------+-------+-------++-------
Melee: Dagger            |   171 |    37 ||   208
 Cast: Ensorcelled Hiber |    16 |     1 ||    17
  Use: Potion            |       |     2 ||     2
 Stab: Sleeping          |    14 |     1 ||    15
       Distracted        |     1 |       ||     1
Armor: Robe              |    21 |     6 ||    27
Dodge: Dodged            |   157 |    28 ||   185
